 Dungeon Crawl Stone Soup version 0.22.1-2-g9c5b331383 (webtiles) character file.

30419 rlganon the Grappler (level 13, -1/202 (205) HPs)
             Began as a Troll Berserker on Nov 25, 2018.
             Was a High Priest of Trog.
             Slain by a 15-headed hydra (8 damage)
             ... on level 2 of the Lair of Beasts on Nov 26, 2018.
             The game lasted 00:58:27 (12754 turns).

rlganon the Grappler (Troll Berserker)             Turns: 12754, Time: 00:58:28

HP:   -1/202 (205)  AC:  9    Str: 33    XL:     13   Next: 20%
MP:   12/12         EV: 15    Int:  4    God:    Trog [*****.]
Gold: 1276          SH:  0    Dex: 12    Spells: 12/12 levels left

rFire    . . .     SeeInvis +     - Unarmed
rCold    . . .     Gourm    +   (no shield)
rNeg     . . .     Faith    .   F - +0 troll leather armour
rPois    +         Spirit   .   T - +1 hat {SInv}
rElec    .         Reflect  .   i - +0 cloak
rCorr    .         Harm     .   (gloves unavailable)
MR       .....                  (boots unavailable)
Stlth    ..........             (no amulet)
HPRegen  1.23/turn              q - ring of poison resistance
MPRegen  0.13/turn              (no ring)

@: berserking (expiring), very quick
A: large, unfitting armour, claws 3, fast metabolism 3, gourmand, regeneration
1, shaggy fur 1, tough skin 2
a: Berserk, Trog's Hand, Brothers in Arms, Renounce Religion


   Skills:
 + Level 11.6 Fighting
 + Level 11.2 Dodging
 * Level 12.9 Unarmed Combat


You had 12 spell levels left.
You didn't know any spells.
Your spell library was empty.


Innate Abilities, Weirdness & Mutations

You are too large for most types of armour.
You have claws for hands.
Your metabolism is lightning-fast.
You like to eat raw meat.
Your natural rate of healing is unusually fast.
You are covered in fur. (AC +1)
You have very tough skin. (AC +2)

Inventory:

Missiles
 u - 8 needles of confusion
 w - 28 poisoned needles
Armour
 i - a +0 cloak (worn)
 F - a +0 troll leather armour (worn)
 N - +0 acid dragon scales
 T - a +1 hat of see invisible (worn)
Jewellery
 q - a ring of poison resistance (left claw)
 K - an uncursed ring of fire
 O - an uncursed ring of resist corrosion
Wands
 k - a wand of random effects (24)
 p - a wand of digging (3)
 s - a wand of iceblast (12)
 y - a wand of polymorph (23)
 B - a wand of flame (58)
 D - a wand of scattershot (4)
 E - a wand of disintegration (18)
 H - a wand of paralysis (8)
 Q - a wand of enslavement (13)
Scrolls
 a - a scroll of enchant weapon
 c - 3 scrolls of fog
 d - 2 scrolls of identify
 l - 2 scrolls of blinking
 n - 3 scrolls of remove curse
 r - a scroll of random uselessness {unknown}
 v - 2 scrolls of silence {unknown}
 A - a scroll of noise {unknown}
 M - 2 scrolls of enchant armour
Potions
 e - 9 potions of curing
 g - 3 potions of resistance
 h - 2 potions of lignification {unknown}
 j - a potion of mutation {unknown}
 m - 6 potions of heal wounds
 o - a potion of berserk rage {unknown}
 t - a potion of agility
 x - a potion of magic {unknown}
 z - 3 potions of might
 C - a potion of flight {unknown}
 I - a potion of brilliance {unknown}
 J - a potion of cancellation {unknown}
Miscellaneous
 G - a sack of spiders
 L - a lightning rod (4/4)
Comestibles
 b - 28 rations
 f - 14 chunks of flesh

...P.###..........
P...}.......#.#..P
+...........#..###
#....#...PP+#..#
.......†......##
....≈........$#
.....#≈.......#
..#..≈#≈......## .
#...≈#.☹.....#
#.....≈D....##
#∩..........#
#####..(.....#
.........#
............
.............
..P##........#


You could see a 15-headed hydra.


Message History

You claw the rime drake!
The rime drake is almost dead.
The rime drake closely misses you. The rime drake bites you.
You claw the rime drake!
You kill the rime drake!
Trog accepts your kill. The rime drake closely misses you.
You claw the rime drake!
The rime drake is moderately wounded.
The rime drake completely misses you.
You mangle the rime drake!!
You kill the rime drake!
Trog accepts your kill. The ice encasing you melts away.
No target in view!
No target in view!
You see here a rime drake corpse.
You butcher the rime drake corpse.
f - 14 chunks of flesh (gained 6) Why would you want to do that?
Why would you want to do that?
A seven-headed hydra comes into view.
The seven-headed hydra roars!
The seven-headed hydra moves out of view.
A red film seems to cover your vision as you go berserk!
You feel yourself moving faster!
You feel mighty!
You completely miss the seven-headed hydra.
The seven-headed hydra bites you but does no damage.
The seven-headed hydra misses you. The seven-headed hydra bites you!
The seven-headed hydra closely misses you.
The seven-headed hydra bites you but does no damage.
The seven-headed hydra misses you. The seven-headed hydra bites you.
You tear one of the seven-headed hydra's heads off!
The six-headed hydra grows two more!
You claw the eight-headed hydra!
The eight-headed hydra is moderately wounded.
You tear one of the eight-headed hydra's heads off!
The seven-headed hydra grows two more!
You eviscerate the nine-headed hydra!!!
The nine-headed hydra is heavily wounded.
The nine-headed hydra bites you!
The nine-headed hydra closely misses you.
The nine-headed hydra barely misses you.
The nine-headed hydra bites you!
The nine-headed hydra closely misses you.
The nine-headed hydra bites you! The nine-headed hydra bites you.
The nine-headed hydra bites you! x2
You rip one of the nine-headed hydra's heads off!
The eight-headed hydra grows two more!
You mangle the ten-headed hydra!!
The ten-headed hydra is severely wounded.
You tear one of the ten-headed hydra's heads off!
The nine-headed hydra grows two more!
You claw the 11-headed hydra!
The 11-headed hydra is severely wounded.
The 11-headed hydra closely misses you. The 11-headed hydra bites you! x2
* * * LOW HITPOINT WARNING * * *
The 11-headed hydra bites you but does no damage. x2
The 11-headed hydra bites you!
* * * LOW HITPOINT WARNING * * *
The 11-headed hydra bites you!
* * * LOW HITPOINT WARNING * * *
The 11-headed hydra bites you!
* * * LOW HITPOINT WARNING * * *
The 11-headed hydra bites you.
* * * LOW HITPOINT WARNING * * *
The 11-headed hydra bites you!
* * * LOW HITPOINT WARNING * * *
The 11-headed hydra misses you.
You are too injured to fight recklessly!
You tear one of the 11-headed hydra's heads off!
The ten-headed hydra grows two more!
You scratch the 12-headed hydra.
The 12-headed hydra is severely wounded.
You rip one of the 12-headed hydra's heads off!
The 11-headed hydra grows two more!
You mangle the 13-headed hydra!!
The 13-headed hydra is almost dead.
The 13-headed hydra bites you!
* * * LOW HITPOINT WARNING * * *
The 13-headed hydra bites you!
* * * LOW HITPOINT WARNING * * *
The 13-headed hydra misses you. The 13-headed hydra bites you!
* * * LOW HITPOINT WARNING * * *
The 13-headed hydra barely misses you.
The 13-headed hydra bites you but does no damage.
The 13-headed hydra bites you.
* * * LOW HITPOINT WARNING * * *
The 13-headed hydra bites you but does no damage.
The 13-headed hydra closely misses you. The 13-headed hydra misses you.
The 13-headed hydra bites you.
* * * LOW HITPOINT WARNING * * *
The 13-headed hydra bites you but does no damage.
The 13-headed hydra bites you!
* * * LOW HITPOINT WARNING * * *
You tear one of the 13-headed hydra's heads off!
The 12-headed hydra grows two more!
You claw the 14-headed hydra!
The 14-headed hydra is almost dead.
You tear one of the 14-headed hydra's heads off!
The 13-headed hydra grows two more!
You claw the 15-headed hydra!
The 15-headed hydra is almost dead.
The 15-headed hydra completely misses you.
The 15-headed hydra bites you!
* * * LOW HITPOINT WARNING * * *
The 15-headed hydra bites you!
You die...

Dungeon Overview and Level Annotations

Branches:
Dungeon (13/15)            Temple (1/1) D:4            Lair (2/6) D:9
    Orc (2/2) D:12            Elf (0/3) Orc:2
  Swamp: Lair:2-4    Shoals: Lair:2-4     Snake: Lair:2-4    Spider: Lair:2-4
 Vaults: D:13-14

Altars:
Ashenzari
Cheibriados
Dithmenos
Elyvilon
Fedhas
Gozag
Hepliaklqana
Kikubaaqudgha
Makhleb
Nemelex Xobeh
Okawaru
Qazlal
Ru
Sif Muna
Trog
Uskayaw
Vehumet
Wu Jian
Xom
Yredelemnul
Zin
The Shining One
Beogh

Shops:
D:9 ?   D:11 *   D:12 %   Orc:2 (![}[

Portals:
Ice
Cave: Lair:2

Notes
Turn   | Place    | Note
-------+----------+-------------------------------------------
     0 | D:1      | rlganon the Troll Berserker began the quest for the Orb.
     0 | D:1      | Reached XP level 1. HP: 22/22 MP: 0/0
   238 | D:1      | You fall through a shaft!
   292 | D:2      | Noticed a hound
   298 | D:2      | Killed a hound
   298 | D:2      | Reached XP level 2. HP: 29/29 MP: 1/1
   298 | D:2      | Reached XP level 3. HP: 36/36 MP: 2/2
   371 | D:2      | Noticed Jessica
   387 | D:2      | Killed Jessica
   387 | D:2      | Reached XP level 4. HP: 26/44 MP: 3/3
   499 | D:2      | Lost intelligence.
   673 | D:1      | Reached ** piety under Trog
  1402 | D:3      | Reached XP level 5. HP: 48/53 MP: 4/4
  1452 | D:3      | Found a glowing golden altar of the Shining One.
  1628 | D:3      | Noticed Ijyb
  1635 | D:3      | Killed Ijyb
  1635 | D:3      | Reached skill level 4 in Unarmed Combat
  2090 | D:4      | Noticed Sigmund
  2097 | D:4      | Killed Sigmund
  2097 | D:4      | Reached XP level 6. HP: 61/61 MP: 5/5
  2386 | D:4      | Noticed Grinder
  2409 | D:4      | Paralysed by Grinder for 2 turns
  2416 | D:4      | Killed Grinder
  2416 | D:4      | Reached skill level 5 in Dodging
  2416 | D:4      | Reached XP level 7. HP: 59/70 MP: 6/6
  2427 | D:4      | Noticed Robin
  2443 | D:4      | Killed Robin
  2444 | D:4      | Reached skill level 5 in Unarmed Combat
  2585 | D:4      | Found a staircase to the Ecumenical Temple.
  2590 | Temple   | Entered the Ecumenical Temple
  2922 | D:4      | Found a bloodstained altar of Trog.
  3117 | D:5      | Entered Level 5 of the Dungeon
  3307 | D:5      | Reached *** piety under Trog
  3519 | D:5      | Found an iron altar of Okawaru.
  3688 | D:5      | Reached XP level 8. HP: 79/79 MP: 7/7
  3728 | D:5      | Noticed a moth of wrath
  3731 | D:5      | Found a bloodstained altar of Trog.
  3761 | D:5      | Got a fine mace
  4296 | D:6      | Reached skill level 6 in Unarmed Combat
  4504 | D:6      | Found a blossoming altar of Fedhas.
  4596 | D:6      | Reached skill level 5 in Fighting
  4618 | D:6      | Reached skill level 7 in Unarmed Combat
  4984 | D:7      | Reached XP level 9. HP: 56/86 MP: 8/8
  5436 | D:8      | Reached skill level 8 in Unarmed Combat
  5442 | D:8      | Reached **** piety under Trog
  5569 | D:8      | Found a basalt altar of Yredelemnul.
  5733 | D:8      | Noticed Harold
  5747 | D:8      | Killed Harold
  5747 | D:8      | Reached skill level 9 in Unarmed Combat
  6006 | D:8      | Reached XP level 10. HP: 91/98 MP: 9/9
  6280 | D:8      | Found a burning altar of Makhleb.
  6548 | D:9      | Reached ***** piety under Trog
  6589 | D:9      | Reached skill level 10 in Unarmed Combat
  6655 | D:9      | Found an ornate altar of the Wu Jian Council.
  6786 | D:9      | Found an ancient bone altar of Kikubaaqudgha.
  6896 | D:9      | Found Kiravag's Magic Scroll Emporium.
  6944 | D:9      | Bought a scroll of blinking for 112 gold pieces
  6996 | D:9      | Found a staircase to the Lair.
  7077 | D:9      | Found a hazy altar of Hepliaklqana.
  7077 | D:9      | Found a deep blue altar of Sif Muna.
  7879 | D:10     | Entered Level 10 of the Dungeon
  7882 | D:10     | Reached XP level 11. HP: 111/111 MP: 10/10
  8524 | D:11     | Found a labyrinth entrance.
  8535 | D:11     | Found Aloin's Assorted Antiques.
  8618 | D:11     | Received a gift from Trog
  8943 | D:11     | Noticed Nergalle
  8948 | D:11     | Killed Nergalle
  9116 | D:12     | Reached skill level 11 in Unarmed Combat
  9315 | D:12     | Found a staircase to the Orcish Mines.
  9328 | D:12     | Noticed Kirke
  9346 | D:12     | Noticed a lindwurm
  9357 | D:12     | Noticed a lindwurm
  9370 | D:12     | Killed Kirke
  9370 | D:12     | Reached skill level 10 in Fighting
  9574 | D:12     | Received a gift from Trog
  9720 | D:12     | Found Riuqotul's Food Emporium.
 10166 | D:13     | Noticed Josephine
 10175 | D:13     | Killed Josephine
 10175 | D:13     | Reached XP level 12. HP: 125/125 MP: 11/11
 10432 | Orc:1    | Entered Level 1 of the Orcish Mines
 10432 | Orc:1    | Noticed Maurice
 10464 | Orc:1    | Killed Maurice
 10530 | Orc:1    | Noticed Erica
 10532 | Orc:1    | Noticed Sonja
 10538 | Orc:1    | Killed Erica
 10542 | Orc:1    | Killed Sonja
 10778 | Orc:2    | Entered Level 2 of the Orcish Mines
 10779 | Orc:2    | Found a staircase to the Elven Halls.
 10782 | Orc:2    | Reached skill level 12 in Unarmed Combat
 10796 | Orc:2    | Reached skill level 10 in Dodging
 10889 | Orc:2    | Found Cocau's Weapon Boutique.
 11298 | Orc:2    | Noticed an orc high priest
 11358 | Orc:2    | Found a roughly hewn altar of Beogh.
 11375 | Orc:2    | Received a gift from Trog
 11404 | Orc:2    | Killed an orc high priest
 11508 | Orc:2    | Found Cepoisu's Assorted Antiques.
 11619 | Orc:2    | Found Nuokum Ewken's Distillery.
 11621 | Orc:2    | Noticed an orc high priest
 11621 | Orc:2    | Paralysed by an orc sorcerer for 7 turns
 11635 | Orc:2    | Killed an orc high priest
 11906 | Orc:2    | Noticed an orc high priest
 11928 | Orc:2    | Killed an orc high priest
 12024 | Orc:2    | Reached XP level 13. HP: 106/135 MP: 12/12
 12227 | Orc:2    | Found Nuehuulit's Antique Armour Boutique.
 12305 | Orc:2    | Found Otwubula's Armour Shoppe.
 12311 | Orc:2    | Found Bosmatan's Gadget Shoppe.
 12321 | Orc:2    | Bought a potion of might for 60 gold pieces
 12321 | Orc:2    | Bought a potion of heal wounds for 75 gold pieces
 12321 | Orc:2    | Bought a potion of agility for 60 gold pieces
 12321 | Orc:2    | Bought a potion of degeneration for 15 gold pieces
 12566 | Lair:1   | Entered Level 1 of the Lair of Beasts
 12728 | Lair:2   | Found a frozen archway.
 12754 | Lair:2   | HP: 7/202 [15-headed hydra (12)]
 12754 | Lair:2   | Slain by a 15-headed hydra

Vault maps used:
D:1:      lemuel_arrival_funnel
D:2:      grunt_gozag_breadcrumbs, uniq_jessica
D:3:      nicolae_overflow_crystal_walls, first_ration,
          guppyfry_early_lair_pool, uniq_ijyb
D:4:      kennysheep_mini, minmay_temple_entry_grid, uniq_sigmund, uniq_robin,
          uniq_grinder
D:5:      old_standard_altar, roderic_serpentine_path, dk_vineyard_3,
          minmay_misc_feat_enclosed, minivault_5, tgw_trog
D:6:      fedhas_altar_decomposition
D:8:      nicolae_overflow_hidden_temple, yredelemnul_forgotten_temple_becter,
          uniq_harold
D:9:      overflow_temple_1_default, gammafunk_temple_overflow_pools,
          lemuel_mausoleum_altar_kikubaaqudgha, dpeg_oklobed_lair, serial_shops,
          shop, grunt_livestock
D:11:     lab_entry_generic, serial_shops, nicolae_shop_stone, uniq_nergalle
D:12:     erik_orc_4, serial_shops, kennysheep_little_box, uniq_kirke
D:13:     serial_shops, shop_statue, uniq_josephine
Temple:   oiseaux_autumnal_temple
Lair:1:   minmay_lair_oklob_chamber, infiniplex_staircase_pool_2,
          lemuel_fruit_fields, serial_bayou_shore_b
Lair:2:   portal_ice_cave_rime, grunt_megastairs_2
Orc:1:    lemuel_statue_altar, uniq_erica, uniq_maurice, uniq_sonja
Orc:2:    st_orc_elflike, basic_altar, serial_shops, nicolae_shop_behind_doors,
          shop_fountains, hangedman_minor_magic

Vanquished Creatures
  Kirke (D:12)
  Josephine (D:13)
  2 slime creatures (D:12)
  Harold (D:8)
  Erica (Orc:1)
  4 orc high priests (Orc:2)
  Nergalle (D:11)
  Sonja (Orc:1)
  3 deep elf magi (D:13 Orc:2)
  4 orc knights (Orc:2)
  5 orc sorcerers (Orc:2)
  An ugly thing (D:13)
  Maurice (Orc:1)
  A black mamba (Lair:1)
  2 rime drakes (Lair:2)
  A komodo dragon (D:12)
  2 tengu conjurers (D:9)
  8 trolls (D:9 D:10 D:12 Orc:1 Orc:2)
  A hornet (D:8)
  Grinder (D:4)
  3 hippogriffs (D:7 D:9 D:12)
  A shadow (D:13)
  Sigmund (D:4)
  5 wraiths (D:9 D:13)
  16 yaks (D:9 D:12 Lair:2)
  6 hogs (D:9 D:12)
  A human (D:9)
  2 wargs (D:12)
  An acid dragon (D:12)
  A porcupine (Lair:1)
  A sky beast (D:12)
  2 ice beasts (D:10 D:11)
  A black bear (D:8)
  17 orc warriors (D:9 D:11 Orc:1 Orc:2)
  A swamp drake (Orc:2)
  7 ogres (D:5 D:7 D:8 D:9 D:13)
  5 necrophages (D:6 D:9)
  4 centaurs (D:7 D:9 D:12 D:13)
  12 bullfrogs (D:6 D:7 D:8 D:10 D:12)
  An elf zombie (D:9)
  A wyvern zombie (D:8)
  An elf skeleton (D:9)
  A wyvern skeleton (D:13)
  A scorpion (D:4)
  17 killer bees (D:8 D:11 D:12)
  A howler monkey (D:8)
  5 crimson imps (D:5 D:8 D:13 Orc:2)
  5 centaur zombies (D:6 D:7 D:8 D:10 D:12)
  A bullfrog zombie (D:8)
  5 human zombies (D:9)
  3 hounds (D:2 D:8 D:9)
  An iron imp (Orc:2)
  A centaur skeleton (D:10)
  2 jellies (D:9 D:12)
  16 orc priests (D:4 D:6 D:8 D:11 D:12)
  26 orc wizards (D:4 D:6 D:8 D:9 D:10)
  Jessica (D:2)
  2 human skeletons (D:9)
  Ijyb (D:3)
  3 iguanas (D:8 D:9 D:10)
  8 worker ants (D:5 D:6 D:8 D:10)
  A hound zombie (D:11)
  2 howler monkey zombies (D:6 D:7)
  Robin (D:4)
  2 worker ant zombies (D:6 D:9)
  15 gnolls (D:3 D:5 D:6 D:10)
  6 adders (D:3 D:4 D:5 D:8 D:9)
  2 shadow imps (D:10 Orc:2)
  A white imp (Orc:2)
  An adder zombie (D:6)
  4 worms (D:2 D:5)
  2 dart slugs (D:1 D:3)
  4 leopard geckos (D:3 D:5 D:8 D:11)
  74 orcs (D:3 D:4 D:5 D:6 D:8)
  3 ball pythons (D:3 D:8)
  6 giant cockroaches (D:1 D:3 D:4 D:5)
  17 goblins (D:1 D:2 D:3 D:4 D:12)
  4 hobgoblins (D:2 D:4 D:12)
  15 jackals (D:2 D:3 D:7 D:8)
  3 kobolds (D:1 D:2 D:3)
  6 quokkas (D:3 D:5 D:6 D:8)
  5 bats (D:2 D:3)
  5 frilled lizards (D:3 D:5)
  A giant cockroach zombie (D:5)
  A jackal zombie (D:6)
  A leopard gecko zombie (D:7)
  10 rats (D:1 D:3 D:5)
  A spectral orc (D:8)
  A bush (D:6)
426 creatures vanquished.

Vanquished Creatures (others)
  An orc (Orc:2)
  A goblin (D:12)
  A plant (D:6)
3 creatures vanquished.

Grand Total: 429 creatures vanquished

Action                   |  1- 3 |  4- 6 |  7- 9 | 10-12 | 13-15 || total
-------------------------+-------+-------+-------+-------+-------++-------
Melee: Unarmed           |    33 |   141 |   312 |   773 |    81 ||  1340
       Punch             |     1 |       |     7 |    42 |    11 ||    61
Invok: Berserk           |     1 |     4 |     4 |    14 |     4 ||    27
       Trog's Hand       |       |       |       |     4 |     1 ||     5
Evoke: Wand              |       |       |     1 |       |       ||     1
       Sack of spiders   |       |       |       |     1 |       ||     1
  Use: Scroll            |       |     4 |     3 |     8 |     2 ||    17
 Stab: Sleeping          |       |     1 |       |       |       ||     1
       Distracted        |       |       |       |     1 |       ||     1
       Confused          |       |       |       |     1 |       ||     1
  Eat: Chunk             |     6 |    32 |    38 |    68 |    13 ||   157
Armor: Animal skin       |     6 |    44 |    63 |    34 |       ||   147
       Troll leather arm |       |       |       |   111 |    19 ||   130
Dodge: Dodged            |    15 |    91 |   140 |   389 |    61 ||   696

Table legend:
 A = Turns spent in this place as a percentage of turns spent in the entire game.
 B = Non-inter-level travel turns spent in this place as a percentage of non-inter-level travel turns spent in the entire game.
 C = Inter-level travel turns spent in this place as a percentage of turns spent in this place.
 D = Turns resting spent in this place as a percentage of non-inter-level travel turns spent in this place.
 E = Turns spent auto-exploring this place as a percentage of non-inter-level travel turns spent in this place.
 F = Non-inter-level travel turns spent in this place divided by the number of levels of this place that you've seen.
                   A       B       C       D       E      F
               +-------+-------+-------+-------+-------+----------------------
         Total | 100.0 | 100.0 |   3.9 |  13.4 |  59.8 | 680.6
       Dungeon |  80.3 |  80.6 |   3.6 |  11.9 |  64.9 | 759.9
        Temple |   2.1 |   1.9 |  12.8 |   0.0 |  99.6 | 231.0
          Lair |   1.5 |   1.5 |   0.5 |  18.7 |  34.8 |  93.5
  Orcish Mines |  16.1 |  15.9 |   5.1 |  22.0 |  32.0 | 977.0
               +-------+-------+-------+-------+-------+----------------------

Table legend:
 A = Kills in this place as a percentage of kills in entire the game.
 B = Kills by you in this place as a percentage of kills by you in the entire game.
 C = Kills by friends in this place as a percentage of kills by friends in the entire game.
 D = Other kills in this place as a percentage of other kills in the entire game.
 E = Experience gained in this place as a percentage of experience gained in the entire game.
 F = Experience gained in this place divided by the number of levels of this place that you have seen.
                   A       B       C       D       E      F
               +-------+-------+-------+-------+-------+----------------------
         Total | 100.0 | 100.0 |   N/A |   N/A | 100.0 | 2414.3
       Dungeon |  75.3 |  75.3 |   N/A |   N/A |  56.3 | 1882.2
          Lair |   2.8 |   2.8 |   N/A |   N/A |   6.3 | 1376.0
  Orcish Mines |  21.9 |  21.9 |   N/A |   N/A |  37.4 | 8118.5
               +-------+-------+-------+-------+-------+----------------------
